 Dungeon Crawl Stone Soup version 0.29.1-1-gd02db6906a (webtiles) character file.

Game seed: 17235182428082076230

82 pacmanke6689 the Chopper (level 4, -2/40 HPs)
             Began as a Hill Orc Fighter on Sept 17, 2022.
             Slain by Pikel
             ... wielding a +0 whip of flaming
              (3 damage)
             ... on level 4 of the Dungeon.
             The game lasted 00:07:38 (2694 turns).

pacmanke6689 the Chopper (Hill Orc Fighter)         Turns: 2694, Time: 00:07:38

Health: -2/40      AC:  7    Str: 18    XL:     4   Next: 43%
Magic:  4/4        EV:  9    Int: 10    God:
Gold:   231        SH:  4    Dex: 10    Spells: 2/4 levels left

rFire   . . .      SeeInvis .   a - +0 war axe
rCold   . . .      Faith    .   c - +0 buckler
rNeg    . . .      Spirit   .   b - +0 scale mail
rPois   .          Reflect  .   (no helmet)
rElec   .          Harm     .   (no cloak)
rCorr   .          Rampage  .   (no gloves)
Will    .....                   (no boots)
Stlth   ..........              (no amulet)
HPRegen 0.13/turn               (no ring)
MPRegen 0.09/turn               (no ring)

@: hasted, very quick
A: no striking features
a: no special abilities


You were on level 4 of the Dungeon.
You visited 1 branch of the dungeon, and saw 4 of its levels.

You collected 231 gold pieces.

Inventory:

Hand Weapons
 a - a +0 war axe (weapon)
Missiles
 s - a throwing net
Armour
 b - a +0 scale mail (worn)
 c - a +0 buckler (worn)
Jewellery
 g - a ring of resist corrosion
 q - a ring of wizardry
 t - a ring of magical power
Scrolls
 d - a scroll of amnesia {unknown}
 f - a scroll of silence {unknown}
 i - a scroll of magic mapping {unknown}
 j - a scroll of immolation {unknown}
 l - a scroll of enchant armour {unknown}
 m - a scroll of fear {unknown}
 n - a scroll of fog {unknown}
 p - a scroll of identify {unknown}
 r - a scroll of brand weapon {unknown}
Potions
 e - a potion of magic {unknown}
 h - 2 potions of haste
 k - a potion of berserk rage {unknown}
 o - a potion of curing {unknown}


   Skills:
 + Level 3.8 Fighting
 + Level 4.4 Axes
 + Level 4.0 Armour
 + Level 0.1 Dodging
 + Level 3.6 Shields
 + Level 0.5 Spellcasting
 + Level 0.2 Necromancy


You had 2 spell levels left.
You knew the following spells:

 Your Spells              Type           Power      Damage    Failure   Level
a - Necrotise             Necr           0%         1d4       80%         1
b - Beastly Appendage     Tmut           0%         N/A       82%         1

Your spell library contained the following spells:

 Spells                   Type           Power      Damage    Failure   Level
 Wereblood                Tmut           0%         N/A       91%         2
 Blink                    Tloc           0%         N/A       92%         2
 Spider Form              Tmut/Pois      0%         N/A       99%         3
 Animate Dead             Necr           0%         N/A       100%        4
 Olgreb's Toxic Radiance  Pois           0%         N/A       100%        4
 Fireball                 Conj/Fire      0%         3d3       100%        5
 Iskenderun's Battlesphe  Conj           0%         2d6       100%        5
 Manifold Assault         Tloc           0%         N/A       100%        5
 Conjure Ball Lightning   Conj/Air       0%         3x3d6     100%        6
 Orb of Destruction       Conj           0%         9d5       100%        7
 Ozocubu's Refrigeration  Ice            0%         4d7       100%        7
 Storm Form               Tmut/Air       0%         N/A       100%        7
 Disjunction              Tloc           0%         N/A       100%        8
 Ignition                 Fire           0%         3d3       100%        8


Dungeon Overview and Level Annotations

Branches:
Dungeon (4/15)
 Temple: D:4-7

Altars:
Kikubaaqudgha
Trog

Annotations:
D:4 Pikel


Message History

You hit the lemure.
The lemure is moderately wounded.
You barely miss the lemure. You barely miss the lemure.
The lemure is moderately wounded.
You barely miss the lemure. The lemure hits you but does no damage.
The lemure hits you!
You hit the lemure.
The lemure is heavily wounded.
You closely miss the lemure. The lemure hits you!
The lemure hits you but does no damage.
You barely miss the lemure.
The lemure is heavily wounded.
You barely miss the lemure.
Pikel shouts!
You hear a shout!
The lemure hits you.
* * * LOW HITPOINT WARNING * * *
The lemure hits you.
* * * LOW HITPOINT WARNING * * *
You hit the lemure.
The lemure is heavily wounded.
You hit the lemure. The lemure hits you.
* * * LOW HITPOINT WARNING * * *
You closely miss the lemure.
The lemure is heavily wounded.
You barely miss Pikel. The lemure misses you.
A lemure comes into view.
You slash Pikel!
Pikel is moderately wounded.
You barely miss the lemure. The lemure hits you but does no damage.
A hobgoblin comes into view.
Pikel hits you with a +0 whip of flaming.
* * * LOW HITPOINT WARNING * * *
Pikel burns you.
* * * LOW HITPOINT WARNING * * *
You hit Pikel but do no damage.
Pikel is moderately wounded.
You closely miss the lemure. The lemure barely misses you.
Pikel hits you with a +0 whip of flaming.
You die...

#.......# #.......#
#.......# #.......#
#... #.......# # #...#
##.......# ####...#
#........#
...#...###.......5##
...+....##......@5.#
...#....##.......K.#
...#.......#.#+###5#
.....................
........##.....###.#.#
#.#....###.###....
#..g #....#..##.# ....
##. #.##.....#.#
####.. ..##.##..#.....
..


You could see Pikel, 3 lemures and a hobgoblin.

Vanquished Creatures
  A lemure (D:4)
  Robin (D:4)
  An adder (D:4)
  3 worms (D:2)
  An orc (D:3)
  An endoplasm (D:1)
  A giant cockroach (D:4)
  10 goblins
  10 hobgoblins
  4 jackals (D:1)
  A quokka (D:2)
  3 ball pythons (D:1)
  2 bats
  6 frilled lizards (D:1)
  2 kobolds (D:2)
  7 rats
54 creatures vanquished.

Notes
Turn   | Place    | Note
-------+----------+-------------------------------------------
     0 | D:1      | pacmanke6689 the Hill Orc Fighter began the quest for the
                  | Orb.
     0 | D:1      | Reached XP level 1. HP: 19/19 MP: 1/1
    42 | D:1      | Got Widgho's Commentary on the Mausoleum and Translocation
   250 | D:1      | Reached XP level 2. HP: 15/27 MP: 2/2
   252 | D:1      | Learned a level 1 spell: Necrotise
   469 | D:1      | Found a faded altar of an unknown god.
   994 | D:2      | Reached XP level 3. HP: 31/33 MP: 0/3
  1929 | D:3      | Found a bloodstained altar of Trog.
  2076 | D:3      | Found an ancient bone altar of Kikubaaqudgha.
  2238 | D:4      | Learned a level 1 spell: Beastly Appendage
  2467 | D:4      | Reached XP level 4. HP: 40/40 MP: 0/4
  2468 | D:4      | Noticed Robin
  2489 | D:4      | Killed Robin
  2674 | D:4      | Noticed a lemure
  2675 | D:4      | Noticed a lemure
  2675 | D:4      | Noticed Pikel
  2679 | D:4      | Noticed a lemure
  2686 | D:4      | Killed a lemure
  2692 | D:4      | Noticed a lemure
  2693 | D:4      | HP: 2/40 [Pikel/+0 whip of flaming (2)]
  2694 | D:4      | Slain by Pikel

Illustrated notes

Levels and vault maps discovered:
D:1:      psy_arrival_heroes, layout_basic, shapermc_ecumenical_altar_pompeii,
          minmay_lizard_pond
D:2:      layout_rooms
D:3:      layout_basic, mainiacjoe_overflow_catwalk_spiral, minmay_hedge_maze
D:4:      cheibrodos_quashed, layout_basic, chequers_serial_rivers_small_a,
          uniq_robin, uniq_pikel

Skill      XL: |  1  2  3 |
---------------+----------+-----
Axes           | 3 4 |  4.4
Armour         | 4 |  4.0
Fighting       | |  3.8
Dodging        | |  0.1
Shields        | |  3.6
Spellcasting   | |  0.5
Necromancy     | |  0.2

Action                   |  1- 3 |  4- 6 || total
-------------------------+-------+-------++-------
Melee: War axe           |    97 |    37 ||   134
       Headbutt          |       |     1 ||     1
 Cast: Necrotise         |    10 |       ||    10
       Beastly Appendage |     1 |       ||     1
  Use: Potion            |       |     2 ||     2
Armor: Scale mail        |    37 |    16 ||    53
Dodge: Dodged            |    48 |    14 ||    62
Block: Buckler           |    22 |     6 ||    28
